 Dungeon Crawl Stone Soup version 0.31-a0-313-g785cd24033 (webtiles) character file.

Game seed: 14380802642288093154

196749 IndexError the Metamorph (level 17, -4/239 HPs)
             Began as a Troll Shapeshifter on July 17, 2023.
             Was the Champion of Okawaru.
             Slain by a demonic crawler (11 damage)
             ... on level 1 of the Spider Nest.
             The game lasted 01:31:05 (27565 turns).

IndexError the Metamorph (Troll Shapeshifter)      Turns: 27565, Time: 01:31:06

Health: -4/239     AC: 34    Str: 27    XL:     17   Next: 75%
Magic:  23/23      EV: 12    Int:  8    God:    Okawaru [******]
Gold:   2713       SH:  0    Dex: 12    Spells: 16/16 levels left

rFire   . .          .
                       - Unarmed
rCold   . . .        w - +4 kite shield of Usaitapp {rN+ Slay+3}
rNeg    + + .        P - melded +0 fire dragon scales
rPois   ∞            y - +0 mask of the Dragon {Will+ Slay+3 SInv}
rElec   +            V - +2 cloak {Will+}
rCorr   +            (gloves unavailable)
SInv    +            (boots unavailable)
Will    +++..        G - amulet of Vitality {RegenMP++ Regen++}
Stlth   +            Z - ring of resist corrosion
HPRegen 2.99/turn    W - +4 ring of slaying
MPRegen 0.98/turn

%: no passive effects
@: confused, statue-form, ambrosia-drunk, studying 2 skills, very slow
A: slow and powerful, torment resistance 1, boosted hp, large, unfitting armour,
claws 3, regeneration 1, (shaggy fur 1), (tough skin 1)
}: 1/15 runes: decaying
a: Begin Untransformation, Renounce Religion, Heroism, Finesse, Duel


You were on level 1 of the Spider Nest.
You worshipped Okawaru.
Okawaru was exalted by your worship.
You were a living statue of rough stone.
You visited 6 branches of the dungeon, and saw 29 of its levels.
You visited the Abyss 1 time.

You collected 2818 gold pieces.
You spent 105 gold pieces at shops.

Inventory:

Missiles
 t - 4 javelins
 R - 4 throwing nets {=f, !d}
 U - 2 curare-tipped darts
Armour
 w - the +4 kite shield of Usaitapp (worn) {rN+ Slay+3}
   (Okawaru gifted it to you on level 13 of the Dungeon)

   Slay:      It affects your accuracy & damage with ranged weapons and melee
   (+3).
   rN:        It protects you from negative energy.
 y - the +0 mask of the Dragon (worn) {Will+ Slay+3 SInv}
   (You acquired it on level 1 of the Swamp)

   Slay:      It affects your accuracy & damage with ranged weapons and melee
   (+3).
   SInv:      It lets you see invisible.
   Will:      It increases your willpower.
 P - +0 fire dragon scales (melded)
   (You found it on level 11 of the Dungeon)
 V - a +2 cloak of willpower (worn)
   (Okawaru gifted it to you on level 10 of the Dungeon)
Jewellery
 c - a ring of willpower
   (You found it on level 4 of the Lair of Beasts)
 m - the amulet "Vitezooph" {Reflect Int+2 SH+5 SInv}
   (You acquired it on level 5 of the Lair of Beasts)

   [amulet of reflection]

   It reflects blocked missile attacks.
   Int:       It affects your intelligence (+2).
   SInv:      It lets you see invisible.
   SH:        It affects your SH (+5).
 D - a ring of willpower
   (You found it on level 5 of the Lair of Beasts)
 E - a ring of protection from fire {rF+, !d}
   (You found it on level 4 of the Dungeon)
 G - the amulet of Vitality (around neck) {RegenMP++ Regen++}
   (You found it on level 15 of the Dungeon)

   [amulet of magic regeneration]

   It increases your rate of magic regeneration.
   Regen:     It increases your rate of health regeneration.
 H - a ring of protection from cold {rC+, !d}
   (You acquired it on level 14 of the Dungeon)
 S - the ring of Soghy {Ice Str+3}
   (You acquired it on level 5 of the Lair of Beasts)

   [ring of ice]

   It enhances your ice magic.
   Str:       It affects your strength (+3).
   rF:        It makes you vulnerable to fire.
   rC:        It protects you from cold.
 W - a +4 ring of slaying (right claw)
   (You found it on level 4 of the Lair of Beasts)
 Z - a ring of resist corrosion (left claw)
   (You took it off an orc warrior on level 10 of the Dungeon)
Talismans
 i - a serpent talisman
   (You found it on level 7 of the Dungeon)
 n - a maw talisman
   (You found it on level 8 of the Dungeon)
 u - a dragon-blood talisman
   (You found it on level 9 of the Dungeon)
 z - a granite talisman
   (You took it off Roxanne on level 2 of the Swamp)
 O - a beast talisman
Wands
 h - a wand of digging (9)
   (You found it on level 10 of the Dungeon)
 p - a wand of flame (46)
   (You found it on level 9 of the Dungeon)
 C - a wand of roots (11)
   (You found it on level 4 of the Dungeon)
 N - a wand of mindburst (12)
   (You found it on level 6 of the Dungeon)
 Q - a wand of polymorph (5)
   (You found it on level 4 of the Lair of Beasts)
 X - a wand of light (23)
   (You took it off an orc wizard on level 10 of the Dungeon)
Scrolls
 a - 5 scrolls of revelation
 d - 7 scrolls of fog
 g - a scroll of vulnerability {!r!r}
 l - 4 scrolls of teleportation
 o - 5 scrolls of immolation {!r}
 q - 7 scrolls of fear
 x - 2 scrolls of silence
 I - 5 scrolls of poison {!r}
 L - a scroll of blinking {!r}
 Y - 3 scrolls of butterflies
Potions
 b - 7 potions of lignification {!q}
 e - 9 potions of heal wounds
 f - 6 potions of ambrosia
 j - 3 potions of berserk rage {!q}
 k - 6 potions of enlightenment
 s - 2 potions of haste
 v - 3 potions of mutation {!q}
 A - 10 potions of curing
 B - 5 potions of cancellation
 F - a potion of invisibility {unknown}
 J - a potion of resistance
 K - 3 potions of attraction {!q}
 M - 8 potions of might
Miscellaneous
 r - a condenser vane (inert)
   (You found it on level 14 of the Dungeon)
 T - a lightning rod (inert)
   (You found it on level 9 of the Dungeon)


   Skills:
 - Level 15.0 Fighting
 + Level 5.8 Throwing
 - Level 10.0 Dodging
 - Level 10.0 Shields
 - Level 15.0 Unarmed Combat
 - Level 10.0 Invocations
 + Level 4.8 Evocations
 - Level 15.0 Shapeshifting


You had 16 spell levels left.
You didn't know any spells.
Your spell library contained the following spells:

 Spells                   Type           Power      Damage    Failure   Level
 Apportation              Tloc           0%         N/A       56%         1
 Necrotise                Necr           0%         1d4       56%         1
 Blink                    Tloc           0%         N/A       71%         2
 Wereblood                Tmut           0%         N/A       71%         2
 Dazzling Flash           Conj/Hex       0%         N/A       91%         3
 Hailstorm                Conj/Ice       0%         3d3       91%         3
 Inner Flame              Hex/Fire       0%         N/A       91%         3
 Portal Projectile        Hex/Tloc       0%         N/A       91%         3
 Vampiric Draining        Necr           0%         2d6       91%         3
 Volatile Blastmotes      Fire/Tloc      0%         2d10      91%         3
 Anguish                  Hex/Necr       0%         N/A       100%        4
 Cause Fear               Hex            0%         N/A       100%        4
 Flame Wave               Conj/Fire      0%         2d4       100%        4
 Iskenderun's Mystic Bla  Conj/Tloc      0%         2d3       100%        4
 Manifold Assault         Tloc           0%         N/A       100%        4
 Passage of Golubria      Tloc           0%         N/A       100%        4
 Sticky Flame             Conj/Fire      0%         2d3       100%        4
 Agony                    Necr           0%         N/A       100%        5
 Irradiate                Conj/Tmut      0%         3d11      100%        5
 Yara's Violent Unravell  Hex/Tmut       0%         3d3       100%        5
 Starburst                Conj/Fire      0%         6d3       100%        6
 Enfeeble                 Hex            0%         N/A       100%        7
 Maxwell's Capacitive Co  Air            0%         ∞         100%        8
 Tukima's Dance           Hex            Unusable   N/A       N/A         3
 Summon Ice Beast         Ice/Summ       Unusable   N/A       N/A         4
 Simulacrum               Ice/Necr       Unusable   N/A       N/A         6

Dungeon Overview and Level Annotations

Branches:
Dungeon (15/15)            Temple (1/1) D:5            Lair (5/5) D:10
  Swamp (4/4) Lair:3       Spider (2/4) Lair:2        Slime (0/5) Lair:4
    Orc (2/2) D:12            Elf (0/3) Orc:2        Vaults (0/5) D:14
 Depths (0/4) D:15

Altars:
Ashenzari
Cheibriados
Dithmenos
Elyvilon
Fedhas
Gozag
Hepliaklqana
Kikubaaqudgha
Makhleb
Nemelex Xobeh
Okawaru
Qazlal
Ru
Sif Muna
Trog
Uskayaw
Vehumet
Wu Jian
Xom
Yredelemnul
Zin
The Shining One

Shops:
D:4 (   D:5 ?(   D:7 !   D:10 ?   Orc:2 :[[=

Annotations:
D:10 1 runed translucent door
Swamp:4 2 transporters, nordom's ghost, adept MiBe


Innate Abilities, Weirdness & Mutations

You are a living statue of rough stone.
Your actions are slow, but your melee attacks are powerful.
You are resistant to unholy torment.
Your maximum health is greatly increased.
Your equipment is partially melded.
You are too large for most types of armour.
You are immune to poison.
You have claws for hands.
Your natural rate of healing is unusually fast.
((You are covered in fur. (AC +1)))
((You have tough skin. (AC +1)))


Message History

You are more confused.
The redback bites you but does no damage.
The demonic crawler completely misses you.
The demonic crawler hits you!
The demonic crawler hits you but does no damage.
The moth of wrath goads the redback on!
The redback goes berserk!
The redback bites you but does no damage. x2
The tarantella closely misses you. The demonic crawler closely misses you.
The demonic crawler barely misses you. The demonic crawler closely misses you.
You take 74 damage, and have 165/239 hp.
MASSIVE DAMAGE!!
The redback misses you. The tarantella barely misses you.
The redback bites you but does no damage.
The demonic crawler barely misses you.
The demonic crawler hits you but does no damage.
The demonic crawler hits you!!
The redback bites you but does no damage.
The redback misses you.
The tarantella touches you but does no damage.
The redback barely misses you. The demonic crawler hits you. x2
The demonic crawler closely misses you. The redback closely misses you.
The redback bites you but does no damage.
The tarantella touches you!
The redback bites you but does no damage. x2
The moth of wrath bites you but does no damage.
The demonic crawler barely misses you. The demonic crawler hits you!
The demonic crawler completely misses you.
The redback bites you but does no damage.
You climb upwards.
There is a stone staircase leading down here.
You take 44 damage, and have 121/239 hp.
You mangle the demonic crawler!! The tarantella touches you!
The redback barely misses you. The redback misses you.
The demonic crawler hits you but does no damage.
The demonic crawler hits you!!
The demonic crawler hits you but does no damage.
The tarantella touches you but does no damage.
The redback bites you but does no damage.
The redback closely misses you.
The demonic crawler hits you but does no damage. x2
The demonic crawler hits you!!
The tarantella touches you but does no damage.
The redback closely misses you. x2
You take 46 damage, and have 75/239 hp.
You eviscerate the redback!!! Okawaru accepts your kill.
The tarantella barely misses you. The demonic crawler barely misses you.
The demonic crawler hits you but does no damage.
The demonic crawler hits you!!
* * * LOW HITPOINT WARNING * * *
The redback bites you but does no damage.
The tarantella completely misses you.
The demonic crawler hits you but does no damage. x3
The redback bites you!
* * * LOW HITPOINT WARNING * * *
The tarantella touches you!!
* * * LOW HITPOINT WARNING * * *
You take 42 damage, and have 33/239 hp.
You're too confused to move!
The redback bites you but does no damage.
The demonic crawler hits you but does no damage.
The demonic crawler barely misses you.
The demonic crawler hits you but does no damage.
The tarantella touches you!
* * * LOW HITPOINT WARNING * * *
You are more confused.
The redback misses you.
The demonic crawler hits you but does no damage. x2
The demonic crawler barely misses you. The tarantella barely misses you.
The redback misses you.
The demonic crawler hits you but does no damage.
The demonic crawler hits you.
* * * LOW HITPOINT WARNING * * *
The demonic crawler hits you but does no damage.
The tarantella touches you but does no damage.
The redback closely misses you.
You take 8 damage, and have 25/239 hp.
The demonic crawler rages.
The redback bites you but does no damage.
The tarantella touches you!
* * * LOW HITPOINT WARNING * * *
The demonic crawler closely misses you. x2
The demonic crawler hits you but does no damage.
The redback barely misses you. The tarantella closely misses you.
The demonic crawler hits you.
* * * LOW HITPOINT WARNING * * *
The demonic crawler hits you!
* * * LOW HITPOINT WARNING * * *
The demonic crawler hits you but does no damage.
The redback bites you.
* * * LOW HITPOINT WARNING * * *
You take 21 damage, and have 4/239 hp.
You are too confused!
You are more confused.
You feel invigorated. The redback bites you!
* * * LOW HITPOINT WARNING * * *
The tarantella touches you but does no damage.
The demonic crawler hits you but does no damage.
The demonic crawler barely misses you. The demonic crawler hits you!
You die...

...#..# ##.......###...##
......#####^........#...##
.......##.##.............#
...........##..........>.#######
####......######..........#.#^.#
...#......##...##.........#....##
...##...^...........#.>.........#
...^#........##.ss.##...#..#..#~#
#..........#≈#..8s.##...##~~~#≈##
..........~≈........#~#..≈≈≈≈≈##
.....#..#≈###.#.......~##~≈#≈##
.....#~≈~≈# ###......#~≈≈≈≈###
....#~~~≈## ##......#≈≈≈≈#
...###≈≈≈# ###....~≈#### ##.#
##≈≈≈#### ##...~## ####
######.#######.### .#
##..##..#####


You could see a demonic crawler (berserk), a tarantella (berserk) and a redback
(berserk).

Vanquished Creatures
  Mlioglotl (Swamp:1)
  Rupert (D:12)
  Frances (D:13)
  A thorn hunter (Swamp:4)
  Roxanne (Swamp:2)
  A storm dragon (D:11)
  A frost giant (D:11)
  Louise (Swamp:2)
  2 broodmothers (Spider:1)
  2 orc warlords (Orc:2)
  A quicksilver ooze (Lair:4)
  2 vampire knights (Swamp:4)
  Nessos (D:12)
  4 eleionomae
  4 bunyips
  2 ettins
  Snorg (Orc:1)
  A yaktaur captain (D:11)
  3 shambling mangroves (Swamp:4)
  4 vault guards (D:14)
  3 fire dragons
  2 rakshasas
  Harold (Orc:1)
  10 centaur warriors
  17 hydras
  3 radroaches (Spider:1)
  2 catoblepae
  2 ghost crabs
  5 boulder beetles
  2 demonic crawlers (Spider:1)
  7 alligators
  4 tengu warriors
  A vampire mage (D:15)
  6 two-headed ogres
  A deep troll shaman (D:15)
  4 orc high priests (Orc:2)
  Urug (Orc:1)
  A skyshark (Lair:5)
  Sonja (Lair:3)
  Nergalle (D:10)
  A storm dragon skeleton (D:15)
  A death drake (shapeshifter) (D:14)
  4 skeletal warriors
  4 goliath frogs
  A flayed ghost (Swamp:4)
  A spatial maelstrom (Abyss:2)
  3 deep trolls (D:15)
  An orb spider (Spider:1)
  A sun moth (Spider:1)
  7 spriggan druids
  A wizard (D:11)
  6 swamp dragons
  A bog body (Swamp:1)
  A tengu skeleton (D:15)
  A phantasmal warrior (Swamp:4)
  2 spectral hydras (Swamp:4)
  14 ugly things
  A necromancer (D:15)
  11 orc knights
  3 wolf spiders
  3 deep elf pyromancers
  4 orc sorcerers (Orc:2)
  3 oklob plants (Swamp:4)
  10 cyclopes
  3 will-o-the-wisps
  5 manticores
  A cyclops (shapeshifter) (D:10)
  A worldbinder (Abyss:2)
  8 elephants
  Maurice (D:11)
  4 black mambas
  The ghost of hitsuchi the Stinger, a novice OpVM of Vehumet (D:4)
  A guardian serpent (shapeshifter) (D:15)
  4 torpor snails
  4 gargoyles
  25 cane toads
  An unseen horror (D:12)
  A yaktaur (D:11)
  3 rime drakes
  A kobold demonologist (D:7)
  A freezing wraith (D:14)
  6 komodo dragons
  A komodo dragon (shapeshifter) (D:10)
  2 tengu conjurers (D:13)
  2 ice devils (D:13)
  4 hydra zombies (Swamp:4)
  3 death drake zombies (Swamp:4)
  A spriggan skeleton (D:15)
  3 meliai
  Grinder (D:5)
  14 tyrant leeches
  14 trolls
  A queen bee (Spider:1)
  14 hornets
  2 polar bears
  2 large abominations (Abyss:2)
  4 tarantellas
  11 blink frogs
  4 hydra skeletons (Swamp:4)
  2 dream sheep (Lair:1)
  The ghost of paps the Caller, an amateur OpSu (D:7)
  A raiju (Abyss:2)
  A centaur simulacrum (D:14)
  4 jumping spiders (Spider:1)
  22 slime creatures
  2 wraiths (D:13)
  3 vampires
  An ettin skeleton (D:15)
  A ynoxinul (Abyss:2)
  4 culicivoras (Spider:1)
  4 shadows (D:11)
  10 spriggans
  64 yaks
  The ghost of hackon the Ogre Mage, an amateur OgFE (D:4)
  12 redbacks
  5 wyverns
  Eustachio (D:6)
  20 vampire mosquitoes
  2 steam dragons
  6 basilisks
  2 wargs (Orc:2)
  2 acid dragons
  12 swamp worms
  4 hydra simulacra (Swamp:4)
  Duvessa (D:4)
  8 water moccasins
  5 swamp drakes (Swamp:4)
  53 orc warriors
  A swamp dragon zombie (Swamp:4)
  3 black bears
  A meliai simulacrum (D:15)
  11 ogres
  14 wolves
  14 centaurs
  2 kobold brigands (D:9)
  13 bullfrogs
  3 gnoll sergeants
  9 wights
  4 scorpions
  Dowan (D:4)
  20 killer bees
  4 howler monkeys
  4 electric eels
  A lava snake (Lair:2)
  3 hounds
  6 jellies (Lair:4)
  31 orc priests
  2 gnoll boudas
  Terence (D:2)
  20 orc wizards
  4 iguanas
  A sleepcap (D:4)
  4 hell rats (Lair:2)
  14 gnolls
  10 adders
  3 shadow imps
  2 white imps
  2 worms
  3 dart slugs
  131 orcs
  6 ball pythons
  5 endoplasms
  A giant cockroach (D:3)
  5 goblins
  8 hobgoblins
  3 jackals (D:4)
  20 kobolds
  2 quokkas
  8 bats
  2 frilled lizards (D:3)
  7 rats
1011 creatures vanquished.

Vanquished Creatures (others)
  3 bloated husks
  A spatial vortex (Abyss:2)
  A swamp drake (Swamp:4)
  A human (D:3)
  A killer bee (Spider:1)
  6 foxfires (Swamp:4)
  A lurking horror (Abyss:2)
14 creatures vanquished.

Grand Total: 1025 creatures vanquished

Notes
Turn   | Place    | Note
-------+----------+-------------------------------------------
     0 | D:1      | IndexError the Troll Shapeshifter began the quest for the
                  | Orb.
     0 | D:1      | Reached XP level 1. HP: 19/19 MP: 0/0
    74 | D:1      | Reached XP level 2. HP: 27/27 MP: 1/1
   641 | D:1      | Reached XP level 3. HP: 33/33 MP: 2/2
   937 | D:2      | Reached skill level 3 in Unarmed Combat
  1121 | D:2      | Noticed Terence
  1127 | D:2      | HP: 4/33 [Terence/+0 flail (7)]
  1129 | D:2      | Killed Terence
  1130 | D:2      | Reached XP level 4. HP: 7/41 MP: 3/3
  1798 | D:3      | Found a faded altar of an unknown god.
  1820 | D:3      | Prayed at the altar of an unknown god.
  1820 | D:3      | Became a worshipper of Elyvilon the Healer
  1820 | D:3      | Reached * piety under Elyvilon
  1891 | D:3      | Reached skill level 4 in Shapeshifting
  2022 | D:3      | Reached XP level 5. HP: 48/48 MP: 4/4
  2034 | D:3      | Found an ancient bone altar of Kikubaaqudgha.
  2037 | D:3      | Noticed a human
  2039 | D:3      | Killed a human
  2365 | D:4      | Reached skill level 4 in Unarmed Combat
  2475 | D:4      | Reached ** piety under Elyvilon
  2540 | D:4      | Noticed a black bear
  2546 | D:4      | Killed a black bear
  2639 | D:4      | Reached XP level 6. HP: 53/55 MP: 5/5
  2701 | D:4      | Found Ublak's Antique Weapon Boutique.
  2722 | D:4      | Noticed Duvessa
  2740 | D:4      | Killed Duvessa
  2741 | D:4      | Reached skill level 5 in Unarmed Combat
  2741 | D:4      | Reached skill level 5 in Shapeshifting
  2749 | D:4      | Found a bloodstained altar of Trog.
  2757 | D:4      | Noticed Dowan
  2761 | D:4      | Killed Dowan
  2772 | D:4      | Found a shimmering blue altar of Sif Muna.
  2776 | D:4      | Got Sif Muna's Grimoire of the Compass
  2854 | D:4      | Reached XP level 7. HP: 62/62 MP: 6/6
  2958 | D:4      | Found a runed translucent gate.
  2959 | D:4      | Found a runed translucent gate.
  2959 | D:4      | Found a runed translucent gate.
  2960 | D:4      | Noticed hackon's ghost (amateur OgFE)
  2960 | D:4      | Noticed hitsuchi's ghost (novice OpVM)
  3053 | D:4      | Killed hackon's ghost
  3054 | D:4      | Reached skill level 6 in Unarmed Combat
  3064 | D:4      | HP: 11/54 [hitsuchi's ghost/Olgreb's Toxic Radiance (4)]
  3067 | D:4      | HP: 5/52 [poisoned by hitsuchi's ghost (toxic radiance)]
  3068 | D:4      | Killed hitsuchi's ghost
  3069 | D:4      | Reached skill level 6 in Shapeshifting
  3069 | D:4      | Reached XP level 8. HP: 5/70 MP: 7/7
  3072 | D:4      | HP: 4/70 [poisoned by hitsuchi's ghost (toxic radiance)]
  3156 | D:5      | Entered Level 5 of the Dungeon
  3353 | D:5      | Found Facsuics's Weapon Boutique.
  3400 | D:5      | Found a staircase to the Ecumenical Temple.
  3458 | D:5      | Noticed Grinder
  3474 | D:5      | Killed Grinder
  3475 | D:5      | Reached skill level 7 in Unarmed Combat
  3485 | Temple   | Entered the Ecumenical Temple
  3490 | Temple   | Fell from the grace of Elyvilon
  3490 | Temple   | Became a worshipper of Warmaster Okawaru
  3560 | D:5      | Reached skill level 7 in Shapeshifting
  3583 | D:5      | Reached skill level 8 in Unarmed Combat
  3635 | D:5      | Found Panev's Magic Scroll Shoppe.
  4053 | D:5      | Bought a scroll of blinking for 105 gold pieces
  4324 | D:6      | Noticed Eustachio
  4338 | D:6      | Killed Eustachio
  4338 | D:6      | Reached * piety under Okawaru
  4433 | D:6      | Reached XP level 9. HP: 72/76 MP: 8/8
  4948 | D:7      | Reached skill level 9 in Unarmed Combat
  4948 | D:7      | Reached skill level 8 in Shapeshifting
  4950 | D:7      | HP: 17/76 [centaur/arrow (13)]
  5043 | D:7      | Found a large runed translucent door.
  5043 | D:7      | Found a large runed translucent door.
  5045 | D:7      | Noticed paps's ghost (amateur OpSu)
  5115 | D:7      | Noticed a kobold demonologist
  5125 | D:7      | Reached ** piety under Okawaru
  5133 | D:7      | Killed a kobold demonologist
  5221 | D:7      | Found Uwkomae's Distillery.
  5722 | D:7      | Killed paps's ghost
  5723 | D:7      | Reached skill level 10 in Unarmed Combat
  5723 | D:7      | Reached skill level 9 in Shapeshifting
  6033 | D:8      | Reached *** piety under Okawaru
  6037 | D:8      | Reached XP level 10. HP: 65/85 MP: 6/9
  6055 | D:8      | Reached skill level 10 in Shapeshifting
  6057 | D:8      | Reached skill level 2 in Fighting
  6057 | D:8      | Reached skill level 1 in Invocations
  6058 | D:8      | HP: 15/87 [yak (10)]
  6061 | D:8      | Reached **** piety under Okawaru
  6062 | D:8      | Reached skill level 2 in Invocations
  6235 | D:8      | Found a sparkling altar of Nemelex Xobeh.
  6241 | D:8      | Found an ornate altar of the Wu Jian Council.
  6834 | D:9      | Reached skill level 3 in Fighting
  6859 | D:9      | Reached skill level 3 in Invocations
  6869 | D:9      | Noticed a centaur warrior
  6948 | D:9      | Noticed a red ugly thing
  6971 | D:9      | Killed a red ugly thing
  6972 | D:9      | Reached skill level 4 in Fighting
  7033 | D:9      | Reached skill level 4 in Invocations
  7051 | D:9      | Killed a centaur warrior
  7051 | D:9      | Reached ***** piety under Okawaru
  7166 | D:9      | Reached skill level 5 in Invocations
  7170 | D:9      | Reached skill level 5 in Fighting
  7180 | D:9      | Noticed a fire dragon
  7188 | D:9      | Killed a fire dragon
  7189 | D:9      | Reached XP level 11. HP: 75/104 MP: 12/14
  7616 | D:10     | Entered Level 10 of the Dungeon
  7730 | D:10     | Received a gift from Okawaru
  7740 | D:10     | Noticed Nergalle
  7752 | D:10     | Killed Nergalle
  7753 | D:10     | Reached skill level 6 in Invocations
  7814 | D:10     | Reached skill level 6 in Fighting
  7816 | D:10     | Noticed an orc knight
  7866 | D:10     | Killed an orc knight
  7920 | D:10     | Found Qeafoj's Magic Scroll Shop.
  7987 | D:10     | Noticed a boulder beetle
  7993 | D:10     | Noticed a centaur warrior
  7997 | D:10     | Killed a boulder beetle
  8035 | D:10     | Killed a centaur warrior
  8036 | D:10     | Reached skill level 7 in Invocations
  8075 | D:10     | Noticed a boulder beetle
  8083 | D:10     | Killed a boulder beetle
  8084 | D:10     | Reached skill level 7 in Fighting
  8241 | D:10     | Noticed a seven-headed hydra
  8243 | D:10     | Reached skill level 8 in Invocations
  8243 | D:10     | Noticed a swamp dragon
  8243 | D:10     | Noticed a boulder beetle
  8257 | D:10     | Noticed a tengu warrior
  8259 | D:10     | Killed an eight-headed hydra
  8259 | D:10     | Received a gift from Okawaru
  8262 | D:10     | Killed a tengu warrior
  8263 | D:10     | Reached skill level 8 in Fighting
  8263 | D:10     | Reached XP level 12. HP: 58/119 MP: 17/17
  8267 | D:10     | Killed a boulder beetle
  8314 | D:10     | Noticed a tengu warrior
  8332 | D:9      | Killed a tengu warrior
  8333 | D:9      | Reached skill level 9 in Invocations
  8395 | D:10     | Found a runed translucent door.
  8440 | D:10     | Found a staircase to the Lair.
  8449 | D:10     | Identified the staff "Vupp" {rPois rN+ Str+4 Int+2 Conj}
  8510 | D:10     | Found a glowing silver altar of Zin.
  8576 | D:10     | Found an opulent altar of Gozag.
  8692 | D:10     | Identified the +5 spear of Gehenna {holy, *Noise rN+ Str+4
                  | Stlth-}
  8930 | D:11     | Noticed Maurice
  8937 | D:11     | Killed Maurice
  8938 | D:11     | Reached skill level 9 in Fighting
  9094 | D:11     | Noticed a two-headed ogre
  9096 | D:11     | Killed a two-headed ogre
  9156 | D:11     | Noticed a five-headed hydra
  9176 | D:11     | HP: 21/92 [six-headed hydra (11)]
  9177 | D:11     | Killed a seven-headed hydra
  9178 | D:11     | Reached skill level 10 in Invocations
  9246 | D:11     | Noticed an ettin
  9258 | D:11     | HP: 21/93 [ettin/+0 dire flail (10)]
  9259 | D:11     | Killed an ettin
  9259 | D:11     | Reached ****** piety under Okawaru
  9312 | D:11     | Reached skill level 10 in Fighting
  9355 | D:11     | Reached skill level 2 in Dodging
  9383 | D:11     | Noticed a frost giant
  9459 | D:11     | Killed a frost giant
  9459 | D:11     | Identified the +4 demon whip "Beorphuchi" {pain, rCorr
                  | Str+5 Int+4} (Okawaru gifted it to you on level 11 of the
                  | Dungeon)
  9459 | D:11     | Received a gift from Okawaru
  9684 | D:11     | Noticed a boulder beetle
  9692 | D:11     | Reached skill level 3 in Dodging
  9700 | D:11     | Killed a boulder beetle
  9838 | D:11     | Noticed a storm dragon
  9852 | D:11     | Reached XP level 13. HP: 109/133 MP: 19/19
  9919 | Lair:1   | Entered Level 1 of the Lair of Beasts
 10059 | Lair:1   | Reached skill level 4 in Dodging
 10448 | Lair:1   | Received a gift from Okawaru
 10612 | Lair:1   | Reached skill level 11 in Shapeshifting
 10928 | Lair:2   | Reached skill level 5 in Dodging
 11171 | Lair:2   | Found a hole to the Spider Nest.
 11338 | Lair:2   | Reached skill level 6 in Dodging
 11408 | Lair:2   | Received a gift from Okawaru
 11755 | Lair:3   | Noticed Sonja
 11758 | Lair:3   | Killed Sonja
 11953 | Lair:3   | Identified the +1 spear "Killer Klown's Regret" {venom,
                  | Int+3}
 11976 | Lair:3   | Reached skill level 12 in Shapeshifting
 12091 | Lair:3   | Reached skill level 7 in Dodging
 12093 | Lair:3   | HP: 35/141 [swamp worm (7)]
 12332 | Lair:3   | Found a staircase to the Swamp.
 12386 | Lair:3   | Identified the +0 robe of the Inquisitive People {Regen+
                  | Stlth+} (Okawaru gifted it to you on level 3 of the Lair of
                  | Beasts)
 12386 | Lair:3   | Received a gift from Okawaru
 12800 | Lair:4   | Reached XP level 14. HP: 143/143 MP: 20/20
 12817 | Lair:4   | Found a staircase to the Slime Pits.
 13071 | Lair:4   | Noticed a quicksilver ooze
 13083 | Lair:4   | Killed a quicksilver ooze
 13123 | Lair:4   | Reached skill level 8 in Dodging
 13524 | Lair:5   | Entered Level 5 of the Lair of Beasts
 13682 | Lair:5   | Identified 4 scrolls of acquirement
 13682 | Lair:5   | Acquired the amulet "Vitezooph" {Reflect Int+2 SH+5 SInv}
 13684 | Lair:5   | Acquired a manual of Unarmed Combat
 13820 | Lair:5   | Reached skill level 13 in Shapeshifting
 13947 | Lair:5   | Reached skill level 9 in Dodging
 14024 | Lair:5   | Identified the +0 kite shield of the Evening {+Inv}
                  | (Okawaru gifted it to you on level 5 of the Lair of Beasts)
 14024 | Lair:5   | Received a gift from Okawaru
 14240 | Lair:5   | Identified the +6 war axe of Destruction {venom, Fragile
                  | rC+ Dex+6}
 15192 | D:11     | Identified the amulet of Reimbursement {Reflect MP+9 SH+5}
 15323 | D:11     | Killed a storm dragon
 15408 | D:11     | Reached skill level 10 in Dodging
 15579 | D:12     | Reached skill level 14 in Shapeshifting
 15945 | D:12     | Reached skill level 1 in Shields
 16008 | D:12     | Found a staircase to the Orcish Mines.
 16024 | D:12     | Reached XP level 15. HP: 149/149 MP: 21/21
 16173 | D:12     | Noticed Nessos
 16180 | D:12     | You are sucked into a shaft and drop 2 floors!
 16252 | D:14     | Found a sacrificial altar of Ru.
 16294 | D:13     | Reached skill level 2 in Shields
 16328 | D:13     | Found a frozen archway.
 16543 | D:12     | Noticed Rupert
 16552 | D:12     | Killed Rupert
 16699 | D:12     | Killed Nessos
 16700 | D:12     | Reached skill level 3 in Shields
 17015 | Orc:1    | Entered Level 1 of the Orcish Mines
 17030 | Orc:1    | Noticed Snorg
 17045 | Orc:1    | Killed Snorg
 17069 | Orc:1    | Noticed Harold
 17084 | Orc:1    | Killed Harold
 17128 | Orc:2    | Entered Level 2 of the Orcish Mines
 17131 | Orc:2    | Identified the +3 glaive of Ancient Evil {freeze, rC+ Str+2
                  | Int+2} (Okawaru gifted it to you on level 2 of the Orcish
                  | Mines)
 17131 | Orc:2    | Received a gift from Okawaru
 17337 | Orc:1    | Reached skill level 4 in Shields
 17571 | Orc:1    | Noticed Urug
 17828 | Orc:1    | Killed Urug
 18296 | Orc:2    | Found Zior's Armour Shop.
 18316 | Orc:2    | Found Wamos's Book Boutique.
 18344 | Orc:2    | Reached skill level 5 in Shields
 18832 | Orc:2    | Found a staircase to the Elven Halls.
 18881 | Orc:2    | Identified the +10 hand axe of Annihilation {heavy, rCorr
                  | Str+3 Stlth+} (Okawaru gifted it to you on level 2 of the
                  | Orcish Mines)
 18881 | Orc:2    | Received a gift from Okawaru
 18882 | Orc:2    | Reached skill level 6 in Shields
 18882 | Orc:2    | Reached skill level 15 in Shapeshifting
 19221 | Orc:2    | Reached skill level 7 in Shields
 19384 | Orc:2    | Found Cymus's Jewellery Shop.
 19414 | Orc:2    | Found Kedyoqeus's Antique Armour Shoppe.
 19628 | D:13     | Reached skill level 8 in Shields
 19774 | D:13     | Noticed Frances
 19785 | D:13     | Killed Frances
 19785 | D:13     | Identified the +4 kite shield of Usaitapp {rN+ Slay+3}
                  | (Okawaru gifted it to you on level 13 of the Dungeon)
 19785 | D:13     | Received a gift from Okawaru
 20256 | D:14     | Found a gate to the Vaults.
 20261 | Arena    | Entered the Arena
 20298 | D:14     | Reached skill level 9 in Shields
 20310 | D:14     | HP: 54/223 [acid dragon/splash of acid (26)]
 20317 | D:14     | HP: 40/223 [cyclops (23)]
 20319 | D:14     | Reached XP level 16. HP: 44/158 MP: 22/22
 20693 | D:14     | HP: 59/237 [centaur warrior/arrow (18)]
 20841 | D:14     | Reached skill level 10 in Shields
 21081 | D:14     | Reached skill level 11 in Unarmed Combat
 21085 | D:14     | Found an ornate altar of the Wu Jian Council.
 21183 | D:14     | Reached skill level 11 in Fighting
 21327 | D:14     | Identified the +3 falchion "Plog" {venom, Int+5}
 21424 | D:14     | Acquired the ring of Soghy {Ice Str+3}
 21428 | D:14     | Acquired a ring of protection from cold
 21439 | D:15     | Entered Level 15 of the Dungeon
 21578 | D:15     | Found a staircase to the Depths.
 21604 | D:15     | Reached skill level 12 in Unarmed Combat
 21705 | D:15     | Received a gift from Okawaru
 22316 | D:15     | Reached skill level 12 in Fighting
 22317 | D:15     | Found the amulet of Vitality {RegenMP++ Regen++}
 22963 | Swamp:1  | Entered Level 1 of the Swamp
 23068 | Swamp:1  | Noticed Mlioglotl
 23153 | Swamp:1  | Noticed a tentacled starspawn
 23156 | Swamp:1  | Killed Mlioglotl
 23157 | Swamp:1  | Reached skill level 13 in Unarmed Combat
 23417 | Swamp:1  | Acquired the +0 mask of the Dragon {Will+ Slay+3 SInv}
 23417 | Swamp:1  | Found the +0 mask of the Dragon {Will+ Slay+3 SInv}
 23724 | Swamp:2  | Noticed Roxanne
 23748 | Swamp:2  | Noticed Louise
 23769 | Abyss:2  | Cast into level 2 of the Abyss (Louise)
 23816 | Abyss:2  | Found a corrupted altar of Lugonu.
 23912 | Abyss:2  | HP: 49/237 [spectral spriggan defender[a revenant] (15)]
 23915 | Swamp:2  | Escaped the Abyss
 24087 | Swamp:2  | Killed Louise
 24303 | Swamp:2  | Reached skill level 13 in Fighting
 24303 | Swamp:2  | Reached skill level 14 in Unarmed Combat
 24459 | Swamp:2  | Received a gift from Okawaru
 24627 | Swamp:2  | Killed Roxanne
 25228 | Swamp:4  | Entered Level 4 of the Swamp
 25238 | Swamp:4  | Reached XP level 17. HP: 179/179 MP: 23/23
 25280 | Swamp:4  | Noticed nordom's ghost (adept MiBe)
 25311 | Swamp:4  | Found a transporter.
 25321 | Swamp:4  | Noticed a profane servitor
 25342 | Swamp:4  | Reached skill level 15 in Unarmed Combat
 25360 | Swamp:4  | Reached skill level 14 in Fighting
 25527 | Swamp:4  | Found a transporter.
 25660 | Swamp:4  | Identified the +1 acid dragon scales of Going Fast {rF+
                  | Regen+ rCorr Int+2} (Okawaru gifted it to you on level 4 of
                  | the Swamp)
 25660 | Swamp:4  | Received a gift from Okawaru
 25664 | Swamp:4  | Reached skill level 15 in Fighting
 25672 | Swamp:4  | Reached skill level 1 in Throwing
 25673 | Swamp:4  | Reached skill level 1 in Evocations
 25686 | Swamp:4  | Reached skill level 2 in Throwing
 25710 | Swamp:4  | Reached skill level 2 in Evocations
 25757 | Swamp:4  | Reached skill level 3 in Throwing
 25874 | Swamp:4  | Reached skill level 3 in Evocations
 25910 | Swamp:4  | Found a blossoming altar of Fedhas.
 25916 | Swamp:4  | Reached skill level 4 in Throwing
 25962 | Swamp:4  | Found a basalt altar of Yredelemnul.
 25981 | Swamp:4  | Got a decaying rune of Zot
 26555 | Spider:1 | Entered Level 1 of the Spider Nest
 26814 | Spider:1 | Found the +2 Maxwell's thermic engine {flame, freeze, rev}
 26826 | Spider:1 | Reached skill level 4 in Evocations
 26993 | Spider:1 | Reached skill level 5 in Throwing
 27258 | Spider:1 | Identified the +9 quarterstaff of Agony {flame, Fly}
                  | (Okawaru gifted it to you on level 1 of the Spider Nest)
 27258 | Spider:1 | Received a gift from Okawaru
 27562 | Spider:1 | HP: 58/239 [demonic crawler (21)]
 27563 | Spider:1 | HP: 25/239 [demonic crawler (5)]
 27564 | Spider:1 | HP: 5/239 [demonic crawler (9)]
 27565 | Spider:1 | Slain by a demonic crawler

Illustrated notes

Levels and vault maps discovered:
D:1:      tarquinn_simple_flora_water_d, layout_rooms, minivault_4,
          dreamdust_princess_corridor, minmay_misc_feat_x, minivault_27,
          kennysheep_boxes
D:2:      minmay_chambers_of_twos, layout_basic, uniq_terence
D:3:      layout_rooms, tgw_kikubaaqudgha, hellmonk_ecumenical_altar_crossroads,
          roderic_nine_men_s_morris
D:4:      layout_basic, nzn_overflow_gifts_of_might_and_magic,
          gammafunk_ghost_cemetery, serial_shops, nicolae_shop_tiny_glass,
          uniq_duvessa
D:5:      layout_basic, minmay_temple_entry_wispy, serial_shops, shop, shop,
          uniq_grinder
D:6:      layout_basic, uniq_eustachio
D:7:      layout_loops_ring, serial_shops, shop, ebering_ghost_disaster_area,
          st_stairs_1
D:8:      layout_basic, minitemple, nicolae_titane
D:9:      dragon1_lemuel, layout_small_grid, minmay_mirror_moons_of_madness
D:10:     minmay_the_grid_four_pointed_star
          [minmay_the_grid_triangle_9x9_windchime,
          minmay_the_grid_triangle_9x9_subtriangle,
          minmay_the_grid_triangle_9x9_sparse_checkered,
          minmay_the_grid_triangle_9x9_stretched_checkered,
          minmay_the_grid_prize_four_corners], layout_irregular_city,
          pdpol_temple_overflow_zin_treasury_gozag_greed, lair_entry_dummy,
          serial_shops, shop, uniq_nergalle
D:11:     minmay_box_of_curves, layout_rooms, uniq_maurice
D:12:     layout_cave_pools, david_orc_5, minmay_unpleasant_kobolds,
          uniq_rupert, uniq_nessos
D:13:     layout_roguey, portal_ice_cave_demonic_guard, uniq_frances
D:14:     kennysheep_windowed_halls, layout_rooms,
          lightli_vaults_fourway_checkpoint, nicolae_ru_awakened_eye,
          st_stairs_8, nzn_wu_jian_contemplation
D:15:     gammafunk_depths_entry_grave, layout_loops_corners,
          hellmonk_guarded_unrand_vitality_bloodlust
Temple:   minmay_freezing_vapour_temple
Lair:1:   layout_hall_layers, infiniplex_staircase_pool_2
Lair:2:   layout_gridlike, spider_nest_entry_webs
Lair:3:   layout_small_grid, palyth_hydra_swamp_entry, uniq_sonja
Lair:4:   layout_loops_ring, minmay_slime_entry_pillars,
          nicolae_lair_time_for_slime
Lair:5:   minmay_lair_end_frog_pond, layout_hall_layers, nicolae_lair_lil_pond
Swamp:1:  layout_basic_swamp, evilmike_swamp_ruin_rubble_2,
          infiniplex_staircase_pool, uniq_mlioglotl
Swamp:2:  layout_falls_marsh, evilmike_swamp_ruin_rubble_1, uniq_roxanne,
          uniq_louise
Swamp:3:  layout_falls_marsh, nicolae_swamp_decorative_isthmus
Swamp:4:  byrel_swamp_growth_death_and_undeath, layout_basic_swamp,
          gammafunk_ghost_abyssal_escape
Spider:1: layout_spider_delve, special_room [special_room_bee]
Spider:2: layout_chambers
Orc:1:    layout_caves, minmay_orc_temple_a, uniq_urug, uniq_harold, uniq_snorg
Orc:2:    pubby_orc_utopia

Skill      XL: |  1  2  3  4  5  6  7  8  9 10 11 12 13 14 15 16 17 |
---------------+----------------------------------------------------+-----
Unarmed Combat | 3 4 5 6 8 10 14 15 | 15.0
Shapeshifting  | 4 5 6 7 9 10 12 14 15 | 15.0
Fighting       | 5 8 10 13 15 | 15.0
Invocations    | 5 8 10 | 10.0
Dodging        | 3 7 10 | 10.0
Shields        | 1 9 10 | 10.0
Throwing       | 5 |  5.8
Evocations     | 4 |  4.8

Action                     |  1- 3 |  4- 6 |  7- 9 | 10-12 | 13-15 | 16-18 || total
---------------------------+-------+-------+-------+-------+-------+-------++-------
  Melee: Unarmed           |    84 |    89 |   163 |   299 |  1008 |   592 ||  2235
         Punch             |     2 |     1 |     7 |     8 |    57 |    35 ||   110
         Constrict         |       |       |       |     7 |       |       ||     7
         Tailslap          |       |       |       |    33 |   131 |    75 ||   239
         Bite              |       |       |       |    25 |    95 |    51 ||   171
         Maw               |       |       |       |       |    41 |     4 ||    45
 Invoke: Heroism           |       |       |     1 |       |     1 |     1 ||     3
         Duel              |       |       |       |       |     1 |       ||     1
         Finesse           |       |       |       |       |       |     1 ||     1
Ability: Breathe Fire      |       |       |       |    12 |    13 |    10 ||    35
         Begin Untransform |       |       |       |     2 |     2 |     2 ||     6
  Evoke: Lightning rod     |       |       |       |       |       |     5 ||     5
         Wand              |       |       |       |       |       |     4 ||     4
         Condenser vane    |       |       |       |       |       |     1 ||     1
    Use: Scroll            |       |       |       |       |    29 |     6 ||    35
         Potion            |       |       |       |       |       |     1 ||     1
   Stab: Petrified         |       |       |       |       |     1 |       ||     1
         Sleeping          |       |       |       |       |     8 |       ||     8
         Distracted        |       |       |       |       |       |     2 ||     2
         Confused          |       |       |       |       |       |     1 ||     1
 Armour: Animal skin       |    19 |    34 |    15 |       |       |       ||    68
         Steam dragon scal |       |       |    43 |     4 |       |       ||    47
         Skin              |       |       |       |   140 |   370 |   477 ||   987
         Fire dragon scale |       |       |       |       |     2 |     4 ||     6
  Dodge: Dodged            |    38 |    38 |    72 |    75 |   548 |   426 ||  1197
  Block: Other             |       |       |       |       |    84 |    41 ||   125
         Kite shield       |       |       |       |       |   201 |   161 ||   362
         Orb               |       |       |       |       |     1 |       ||     1
         Reflection        |       |       |       |       |    12 |     9 ||    21
   Form: Beast             |       |       |     1 |     1 |     1 |     5 ||     8
                           |       |       |     1 |     1 |       |       ||     2
         Dragon            |       |       |       |     3 |     7 |     8 ||    18
         Maw               |       |       |       |     1 |     6 |     2 ||     9
         Anaconda          |       |       |       |     1 |     1 |     1 ||     3
         Blade             |       |       |       |     1 |       |       ||     1
         Statue            |       |       |       |       |       |     2 ||     2

Table legend: (Time is in decaauts)
 A = Elapsed time spent in this place.
 B = Non-inter-level travel time spent in this place.
 C = Inter-level travel time spent in this place.
 D = Time resting spent in this place.
 E = Time spent auto-exploring this place.
 F = Levels seen in this place.
 G = Mean time per level.
                   A        B        C        D        E       F      G
               +--------+--------+--------+--------+--------+-----+--------+
         Total |  27632 |  24818 |   2814 |    287 |  18281 |  31 |  891.4 |
       Dungeon |  15140 |  13566 |   1574 |     17 |  10549 |  15 | 1009.3 |
        Temple |     10 |      2 |      8 |      0 |      0 |   1 |   10.0 |
          Lair |   5226 |   4654 |    572 |     61 |   3560 |   5 | 1045.2 |
         Swamp |   3273 |   2917 |    356 |     11 |   2164 |   4 |  818.2 |
   Spider Nest |   1344 |   1293 |     51 |      0 |    902 |   2 |  672.0 |
  Orcish Mines |   2476 |   2225 |    251 |    184 |   1084 |   2 | 1238.0 |
         Abyss |    141 |    141 |      0 |      0 |     21 |   1 |  141.0 |
         Arena |     19 |     19 |      0 |     14 |      0 |   1 |   19.0 |
               +--------+--------+--------+--------+--------+-----+--------+

Top non-repeatable levels by time:
   Orc:2: 1952 daAuts
    D:11: 1573 daAuts
    D:10: 1473 daAuts
    D:14: 1371 daAuts
Spider:1: 1336 daAuts
    D:15: 1254 daAuts
  Lair:3: 1248 daAuts
  Lair:5: 1118 daAuts
 Swamp:4: 1097 daAuts
     D:9: 1068 daAuts
  Lair:4: 1061 daAuts
  Lair:1: 1048 daAuts
     D:2: 1037 daAuts
     D:4: 935 daAuts
    D:13: 926 daAuts

Levels and vault maps discovered:
D:1:      tarquinn_simple_flora_water_d, layout_rooms, minivault_4,
          dreamdust_princess_corridor, minmay_misc_feat_x, minivault_27,
          kennysheep_boxes
D:2:      minmay_chambers_of_twos, layout_basic, uniq_terence
D:3:      layout_rooms, tgw_kikubaaqudgha, hellmonk_ecumenical_altar_crossroads,
          roderic_nine_men_s_morris
D:4:      layout_basic, nzn_overflow_gifts_of_might_and_magic,
          gammafunk_ghost_cemetery, serial_shops, nicolae_shop_tiny_glass,
          uniq_duvessa
D:5:      layout_basic, minmay_temple_entry_wispy, serial_shops, shop, shop,
          uniq_grinder
D:6:      layout_basic, uniq_eustachio
D:7:      layout_loops_ring, serial_shops, shop, ebering_ghost_disaster_area,
          st_stairs_1
D:8:      layout_basic, minitemple, nicolae_titane
D:9:      dragon1_lemuel, layout_small_grid, minmay_mirror_moons_of_madness
D:10:     minmay_the_grid_four_pointed_star
          [minmay_the_grid_triangle_9x9_windchime,
          minmay_the_grid_triangle_9x9_subtriangle,
          minmay_the_grid_triangle_9x9_sparse_checkered,
          minmay_the_grid_triangle_9x9_stretched_checkered,
          minmay_the_grid_prize_four_corners], layout_irregular_city,
          pdpol_temple_overflow_zin_treasury_gozag_greed, lair_entry_dummy,
          serial_shops, shop, uniq_nergalle
D:11:     minmay_box_of_curves, layout_rooms, uniq_maurice
D:12:     layout_cave_pools, david_orc_5, minmay_unpleasant_kobolds,
          uniq_rupert, uniq_nessos
D:13:     layout_roguey, portal_ice_cave_demonic_guard, uniq_frances
D:14:     kennysheep_windowed_halls, layout_rooms,
          lightli_vaults_fourway_checkpoint, nicolae_ru_awakened_eye,
          st_stairs_8, nzn_wu_jian_contemplation
D:15:     gammafunk_depths_entry_grave, layout_loops_corners,
          hellmonk_guarded_unrand_vitality_bloodlust
Temple:   minmay_freezing_vapour_temple
Lair:1:   layout_hall_layers, infiniplex_staircase_pool_2
Lair:2:   layout_gridlike, spider_nest_entry_webs
Lair:3:   layout_small_grid, palyth_hydra_swamp_entry, uniq_sonja
Lair:4:   layout_loops_ring, minmay_slime_entry_pillars,
          nicolae_lair_time_for_slime
Lair:5:   minmay_lair_end_frog_pond, layout_hall_layers, nicolae_lair_lil_pond
Swamp:1:  layout_basic_swamp, evilmike_swamp_ruin_rubble_2,
          infiniplex_staircase_pool, uniq_mlioglotl
Swamp:2:  layout_falls_marsh, evilmike_swamp_ruin_rubble_1, uniq_roxanne,
          uniq_louise
Swamp:3:  layout_falls_marsh, nicolae_swamp_decorative_isthmus
Swamp:4:  byrel_swamp_growth_death_and_undeath, layout_basic_swamp,
          gammafunk_ghost_abyssal_escape
Spider:1: layout_spider_delve, special_room [special_room_bee]
Spider:2: layout_chambers
Orc:1:    layout_caves, minmay_orc_temple_a, uniq_urug, uniq_harold, uniq_snorg
Orc:2:    pubby_orc_utopia

Table legend: (Time is in decaauts)
 A = Elapsed time spent in this place.
 B = Non-inter-level travel time spent in this place.
 C = Inter-level travel time spent in this place.
 D = Time resting spent in this place.
 E = Time spent auto-exploring this place.
 F = Levels seen in this place.
 G = Mean time per level.
                   A        B        C        D        E       F      G
               +--------+--------+--------+--------+--------+-----+--------+
         Total |  27632 |  24818 |   2814 |    287 |  18281 |  31 |  891.4 |
       Dungeon |  15140 |  13566 |   1574 |     17 |  10549 |  15 | 1009.3 |
        Temple |     10 |      2 |      8 |      0 |      0 |   1 |   10.0 |
          Lair |   5226 |   4654 |    572 |     61 |   3560 |   5 | 1045.2 |
         Swamp |   3273 |   2917 |    356 |     11 |   2164 |   4 |  818.2 |
   Spider Nest |   1344 |   1293 |     51 |      0 |    902 |   2 |  672.0 |
  Orcish Mines |   2476 |   2225 |    251 |    184 |   1084 |   2 | 1238.0 |
         Abyss |    141 |    141 |      0 |      0 |     21 |   1 |  141.0 |
         Arena |     19 |     19 |      0 |     14 |      0 |   1 |   19.0 |
               +--------+--------+--------+--------+--------+-----+--------+

Top non-repeatable levels by time:
   Orc:2: 1952 daAuts
    D:11: 1573 daAuts
    D:10: 1473 daAuts
    D:14: 1371 daAuts
Spider:1: 1336 daAuts
    D:15: 1254 daAuts
  Lair:3: 1248 daAuts
  Lair:5: 1118 daAuts
 Swamp:4: 1097 daAuts
     D:9: 1068 daAuts
  Lair:4: 1061 daAuts
  Lair:1: 1048 daAuts
     D:2: 1037 daAuts
     D:4: 935 daAuts
    D:13: 926 daAuts

Table legend:
 A = Kills in this place as a percentage of kills in the entire game.
 B = Kills by you in this place as a percentage of kills by you in the entire game.
 C = Kills by friends in this place as a percentage of kills by friends in the entire game.
 D = Other kills in this place as a percentage of other kills in the entire game.
 E = Experience gained in this place as a percentage of experience gained in the entire game.
 F = Experience gained in this place divided by the number of levels of this place that you have seen.
                   A       B       C       D       E      F
               +-------+-------+-------+-------+-------+----------------------
         Total | 100.0 | 100.0 |   N/A |   N/A | 100.0 | 8770.1
       Dungeon |  41.1 |  41.1 |   N/A |   N/A |  37.7 | 6832.8
          Lair |  19.0 |  19.0 |   N/A |   N/A |  20.1 | 10928.2
         Swamp |  12.1 |  12.1 |   N/A |   N/A |  23.9 | 16260.8
   Spider Nest |   5.3 |   5.3 |   N/A |   N/A |   6.0 | 8117.0
  Orcish Mines |  21.7 |  21.7 |   N/A |   N/A |  11.0 | 15002.0
         Abyss |   0.7 |   0.7 |   N/A |   N/A |   1.1 | 2942.0
         Arena |   0.1 |   0.1 |   N/A |   N/A |   0.2 | 517.0
               +-------+-------+-------+-------+-------+----------------------
